PAA
RENO SILVER SOX @ PHOENIX HOTSPUR YOUTH
09/13/2033
 
TOP OF THE 1ST
Reno Silver Sox batting - Pitching for Phoenix Hotspur Youth : RHP Juan Morán
Pitching: RHP Juan Morán
Batting: RHB Lee Storment 0-0: Called Strike
0-1: Ball
1-1: Foul Ball, location: 2F
1-2: Ground out 1-3 (Groundball, P)
Batting: RHB Carlos González 0-0: Called Strike
0-1: Ball
1-1: Ball
2-1: Foul Ball, location: 2F
2-2: SINGLE (Groundball, 56D)
Batting: LHB Marcos Costa 0-0: TRIPLE (Line Drive, 78XD)
Carlos González scores
Batting: LHB Henry Madore 0-0: Ball
1-0: Called Strike
1-1: Called Strike
1-2: SINGLE (Groundball, 34D)
Marcos Costa scores
Batting: RHB Armando Romero 0-0: Ball
1-0: Ball
2-0: Grounds into double play, 5-4-3 (Groundball, 5)
Top of the 1st over - 2 runs, 3 hits, 0 errors, 0 left on base; Reno 2 - Phoenix Hotspur 0
BOTTOM OF THE 1ST
Phoenix Hotspur Youth batting - Pitching for Reno Silver Sox : RHP Charlie Fairthorne
Pitching: RHP Charlie Fairthorne
Batting: LHB Damian Alldred 0-0: Swinging Strike
0-1: Ball
1-1: Swinging Strike
1-2: SINGLE (Groundball, 4D)
Batting: LHB Tyler Kinjeketile 0-0: DOUBLE (Groundball, 3L)
Damian Alldred to third
Batting: LHB Phil Mazzeo 0-0: Ball
1-0: Ball
2-0: Foul Ball, location: 2F
2-1: SINGLE (Line Drive, 8LS)
Damian Alldred scores
Tyler Kinjeketile to third
Batting: LHB Carlos Rodríguez 0-0: Ball
1-0: Ball
2-0: Ball
3-0: Called Strike
3-1: Foul Ball, location: 2F
3-2: Grounds into double play, 4-6-3 (Groundball, 4)
Tyler Kinjeketile scores
Batting: RHB Bill Poole 0-0: Called Strike
0-1: Fly out, F4 (Popup, 4)
Bottom of the 1st over - 2 runs, 3 hits, 0 errors, 0 left on base; Reno 2 - Phoenix Hotspur 2
TOP OF THE 2ND
Reno Silver Sox batting - Pitching for Phoenix Hotspur Youth : RHP Juan Morán
Batting: RHB Roy Burns 0-0: Called Strike
0-1: Ball
1-1: Ball
2-1: Bunted foul
2-2: Fly out, F1 (Popup, 13)
Batting: RHB Jean Lechuga 0-0: Ball
1-0: Ball
2-0: Ground out 3-1 (Groundball, 34S)
Batting: LHB Luis Aranda 0-0: Fly out, F5 (Popup, 5S)
Top of the 2nd over - 0 runs, 0 hits, 0 errors, 0 left on base; Reno 2 - Phoenix Hotspur 2
BOTTOM OF THE 2ND
Phoenix Hotspur Youth batting - Pitching for Reno Silver Sox : RHP Charlie Fairthorne
Batting: LHB Valerius Buser 0-0: Ball
1-0: Ball
2-0: Fly out, F3 (Flyball, 3D)
Batting: RHB Terry MacDonald 0-0: Ground out 4-3 (Groundball, 4S)
Batting: RHB Braylen Sampson 0-0: Ball
1-0: Called Strike
1-1: Called Strike
1-2: Ball
2-2: Foul Ball, location: 2F
2-2: Ball
3-2: Strikes out swinging
Bottom of the 2nd over - 0 runs, 0 hits, 0 errors, 0 left on base; Reno 2 - Phoenix Hotspur 2
TOP OF THE 3RD
Reno Silver Sox batting - Pitching for Phoenix Hotspur Youth : RHP Juan Morán
Batting: RHB Elijah Seymour 0-0: Ball
1-0: Called Strike
1-1: Called Strike
1-2: Strikes out swinging
Batting: RHB Lee Storment 0-0: Called Strike
0-1: Ball
1-1: Ball
2-1: Swinging Strike
2-2: Foul Ball, location: 2F
2-2: Foul Ball, location: 2F
2-2: Foul Ball, location: 2F
2-2: DOUBLE (Line Drive, 7D)
Batting: RHB Carlos González 0-0: Called Strike
0-1: Ball
1-1: Ball
2-1: Ball
3-1: Base on Balls
Batting: LHB Marcos Costa 0-0: Ball
1-0: Swinging Strike
1-1: SINGLE (Groundball, 6MD)
Lee Storment to third
Carlos González to second
Runner from 3rd tries for Home, SAFE, no throw
Batting: LHB Henry Madore 0-0: Called Strike
0-1: Foul Ball, location: 2F
0-2: Foul Ball, location: 2F
0-2: Ball
1-2: Foul Ball, location: 2F
1-2: Ball
2-2: Strikes out looking
Batting: RHB Armando Romero 0-0: Ball
1-0: Called Strike
1-1: Called Strike
1-2: Fielders Choice at 2nd, 6-4 (Groundball, 6)
Top of the 3rd over - 1 run, 2 hits, 0 errors, 2 left on base; Reno 3 - Phoenix Hotspur 2
BOTTOM OF THE 3RD
Phoenix Hotspur Youth batting - Pitching for Reno Silver Sox : RHP Charlie Fairthorne
Batting: LHB Malibok Herreria 0-0: Foul Ball, location: 2F
0-1: Foul Ball, location: 2F
0-2: Foul Ball, location: 2F
0-2: Ball
1-2: Foul Ball, location: 2F
1-2: Ball
2-2: Ground out 4-3 (Groundball, 34D)
Batting: LHB Damian Alldred 0-0: Ball
1-0: Ball
2-0: Ball
3-0: Base on Balls
Batting: LHB Tyler Kinjeketile 0-0: Fly out, F8 (Flyball, 8RM)
Batting: LHB Phil Mazzeo 0-0: Ball
1-0: Called Strike
1-1: Ball
2-1: Ground out 4-3 (Groundball, 4)
Bottom of the 3rd over - 0 runs, 0 hits, 0 errors, 1 left on base; Reno 3 - Phoenix Hotspur 2
TOP OF THE 4TH
Reno Silver Sox batting - Pitching for Phoenix Hotspur Youth : RHP Juan Morán
Batting: RHB Roy Burns 0-0: Ball
1-0: Ball
2-0: Ball
3-0: Called Strike
3-1: Called Strike
3-2: Foul Ball, location: 2F
3-2: Strikes out swinging
Batting: RHB Jean Lechuga 0-0: Fly out, F9 (Flyball, 9D)
Batting: LHB Luis Aranda 0-0: Ball
1-0: Called Strike
1-1: Ball
2-1: Ground out 4-3 (Groundball, 4)
Top of the 4th over - 0 runs, 0 hits, 0 errors, 0 left on base; Reno 3 - Phoenix Hotspur 2
BOTTOM OF THE 4TH
Phoenix Hotspur Youth batting - Pitching for Reno Silver Sox : RHP Charlie Fairthorne
Batting: LHB Carlos Rodríguez 0-0: Ball
1-0: SINGLE (Line Drive, 4M)
Batting: RHB Bill Poole 0-0: Called Strike
0-1: Ball
1-1: SINGLE (Flyball, 89S)
Carlos Rodríguez to second
Runner from 2nd tries for 3rd, SAFE, no throw
Batting: LHB Valerius Buser 0-0: Fly out, F8 (Flyball, 8RXD)
Runner from 3rd tags up, SCORES, no throw
Batting: RHB Terry MacDonald 0-0: Ball
1-0: SINGLE (Line Drive, 6MD)
Bill Poole to second
Batting: RHB Braylen Sampson 0-0: Fly out, F7 (Flyball, 7LD)
Batting: LHB Malibok Herreria 0-0: Foul Ball, location: 2F
0-1: Swinging Strike
0-2: Foul Ball, location: 2F
0-2: SINGLE (Groundball, 6D)
Bill Poole to third
Terry MacDonald to second
Runner from 3rd tries for Home, SAFE, throw made home
Batting: LHB Damian Alldred 0-0: Swinging Strike
0-1: Ball
1-1: Ball
2-1: Called Strike
2-2: Ground out U3 (Groundball, 3)
Bottom of the 4th over - 2 runs, 4 hits, 0 errors, 2 left on base; Reno 3 - Phoenix Hotspur 4
TOP OF THE 5TH
Reno Silver Sox batting - Pitching for Phoenix Hotspur Youth : RHP Juan Morán
Batting: RHB Elijah Seymour 0-0: Foul Ball, location: 2F
0-1: Ball
1-1: Ground out 4-3 (Groundball, 34)
Batting: RHB Lee Storment 0-0: Ball
1-0: Called Strike
1-1: Foul Ball, location: 2F
1-2: SINGLE (Groundball, 6) (infield hit)
Batting: RHB Carlos González 0-0: Ball
1-0: Called Strike
1-1: Foul Ball, location: 2F
1-2: Ball
2-2: Fly out, F8 (Flyball, 78D)
Batting: LHB Marcos Costa 0-0: Ground out 4-3 (Groundball, 4)
Top of the 5th over - 0 runs, 1 hit, 0 errors, 1 left on base; Reno 3 - Phoenix Hotspur 4
BOTTOM OF THE 5TH
Phoenix Hotspur Youth batting - Pitching for Reno Silver Sox : RHP Charlie Fairthorne
Batting: LHB Tyler Kinjeketile 0-0: Ball
1-0: Ball
2-0: Ball
3-0: Called Strike
3-1: Called Strike
3-2: SINGLE (Groundball, 3D)
Batting: LHB Phil Mazzeo 0-0: Called Strike
0-1: Swinging Strike
0-2: Ball
1-2: SINGLE (Groundball, 34) (infield hit)
Tyler Kinjeketile to second
Batting: LHB Carlos Rodríguez 0-0: Ball
1-0: Ball
2-0: Called Strike
2-1: Fly out, F8 (Flyball, 8RD)
Batting: RHB Bill Poole 0-0: Ball
1-0: Ball
2-0: Called Strike
2-1: Foul Ball, location: 2F
2-2: 3-RUN HOME RUN (Flyball, 7LD), Distance : 343 ft
Batting: LHB Valerius Buser 0-0: Called Strike
0-1: Called Strike
0-2: Ball
1-2: Ball
2-2: Ball
3-2: Strikes out swinging
Batting: RHB Terry MacDonald 0-0: Ground out 3-1 (Groundball, 23)
Bottom of the 5th over - 3 runs, 3 hits, 0 errors, 0 left on base; Reno 3 - Phoenix Hotspur 7
TOP OF THE 6TH
Reno Silver Sox batting - Pitching for Phoenix Hotspur Youth : RHP Juan Morán
Batting: LHB Henry Madore 0-0: Swinging Strike
0-1: Foul Ball, location: 2F
0-2: Foul Ball, location: 2F
0-2: Strikes out swinging
Batting: RHB Armando Romero 0-0: Called Strike
0-1: Ball
1-1: Ball
2-1: Called Strike
2-2: Ball
3-2: Foul Ball, location: 2F
3-2: Base on Balls
Batting: RHB Roy Burns 0-0: Ball
1-0: Called Strike
1-1: Swinging Strike
1-2: Ball
2-2: Ball
3-2: Strikes out swinging
Pitching: RHP Ken Morrison
Batting: RHB Jean Lechuga 0-0: Ball
1-0: Ball
2-0: Called Strike
2-1: Swinging Strike
2-2: Fielders Choice at 2nd, 5-4 (Groundball, 56)
Top of the 6th over - 0 runs, 0 hits, 0 errors, 1 left on base; Reno 3 - Phoenix Hotspur 7
BOTTOM OF THE 6TH
Phoenix Hotspur Youth batting - Pitching for Reno Silver Sox : RHP Charlie Fairthorne
Pitching: RHP Raúl Valdéz
Batting: RHB Braylen Sampson 0-0: Ground out 6-3 (Groundball, 6M)
Batting: LHB Malibok Herreria 0-0: Called Strike
0-1: Ball
1-1: Ground out 2-3 (Groundball, 15S)
Batting: LHB Damian Alldred 0-0: Foul Ball, location: 2F
0-1: Ball
1-1: Called Strike
1-2: Strikes out swinging
Bottom of the 6th over - 0 runs, 0 hits, 0 errors, 0 left on base; Reno 3 - Phoenix Hotspur 7
TOP OF THE 7TH
Reno Silver Sox batting - Pitching for Phoenix Hotspur Youth : RHP Ken Morrison
Batting: LHB Luis Aranda 0-0: Swinging Strike
0-1: Swinging Strike
0-2: Ball
1-2: Foul Ball, location: 2F
1-2: SINGLE (Groundball, 4M) (infield hit)
Batting: RHB Elijah Seymour 0-0: Called Strike
0-1: Foul Ball, location: 2F
0-2: Ball
1-2: Ball
2-2: Foul Ball, location: 2F
2-2: Ball
3-2: Ground out 5-3 (Groundball, 56)
Luis Aranda to second
Batting: RHB Lee Storment 0-0: Ball
1-0: Ball
2-0: SINGLE (Groundball, 34D)
Luis Aranda to third
Runner from 3rd tries for Home, SAFE, no throw
Batting: RHB Carlos González 0-0: Ball
1-0: Called Strike
1-1: Grounds into double play, 6-4-3 (Groundball, 6)
Top of the 7th over - 1 run, 2 hits, 0 errors, 0 left on base; Reno 4 - Phoenix Hotspur 7
BOTTOM OF THE 7TH
Phoenix Hotspur Youth batting - Pitching for Reno Silver Sox : RHP Raúl Valdéz
Batting: LHB Tyler Kinjeketile 0-0: Called Strike
0-1: Swinging Strike
0-2: Strikes out looking
Batting: LHB Phil Mazzeo 0-0: Ball
1-0: Fly out, F9 (Flyball, 9S)
Batting: LHB Carlos Rodríguez 0-0: Ball
1-0: Ball
2-0: Fly out, F7 (Line Drive, 78S)
Bottom of the 7th over - 0 runs, 0 hits, 0 errors, 0 left on base; Reno 4 - Phoenix Hotspur 7
TOP OF THE 8TH
Reno Silver Sox batting - Pitching for Phoenix Hotspur Youth : RHP Ken Morrison
Batting: LHB Marcos Costa 0-0: Foul Ball, location: 2F
0-1: SINGLE (Flyball, 7LS)
Batting: LHB Henry Madore 0-0: Ball
1-0: Called Strike
1-1: Swinging Strike
1-2: Foul Ball, location: 2F
1-2: Strikes out swinging
Batting: RHB Armando Romero 0-0: Ball
1-0: Swinging Strike
1-1: Foul Ball, location: 2F
1-2: Ball
2-2: Fly out, F8 (Flyball, 8LD)
Batting: RHB Roy Burns 0-0: Ball
1-0: Ball
2-0: Called Strike
2-1: Ball
3-1: Base on Balls
Marcos Costa to second
Batting: RHB Jean Lechuga 0-0: Swinging Strike
0-1: Foul Ball, location: 2F
0-2: Ball
1-2: Ground out U3 (Groundball, 3)
Top of the 8th over - 0 runs, 1 hit, 0 errors, 2 left on base; Reno 4 - Phoenix Hotspur 7
BOTTOM OF THE 8TH
Phoenix Hotspur Youth batting - Pitching for Reno Silver Sox : RHP Raúl Valdéz
Batting: RHB Bill Poole 0-0: Called Strike
0-1: Ball
1-1: Ball
2-1: Ball
3-1: Called Strike
3-2: Strikes out swinging
Batting: LHB Valerius Buser 0-0: Called Strike
0-1: Ball
1-1: Ball
2-1: Ball
3-1: Base on Balls
Batting: RHB Terry MacDonald 0-0: DOUBLE (Flyball, 8RD)
Valerius Buser to third
Batting: RHB Braylen Sampson 0-0: Ball
1-0: Called Strike
1-1: Ball
2-1: Ball
3-1: Called Strike
3-2: Fly out, F9 (Flyball, 89M)
Runner from 3rd tags up, OUT at HOME
Bottom of the 8th over - 0 runs, 1 hit, 0 errors, 1 left on base; Reno 4 - Phoenix Hotspur 7
TOP OF THE 9TH
Reno Silver Sox batting - Pitching for Phoenix Hotspur Youth : RHP Ken Morrison
Pitching: RHP Jason MacDonald
Batting: LHB Luis Aranda 0-0: Foul Ball, location: 2F
0-1: Ball
1-1: Foul Ball, location: 2F
1-2: Foul Ball, location: 2F
1-2: Ball
2-2: Ball
3-2: Foul Ball, location: 2F
3-2: Ground out 4-3 (Groundball, 4)
Batting: RHB Elijah Seymour 0-0: Called Strike
0-1: Ball
1-1: Foul Ball, location: 2F
1-2: SINGLE (Groundball, 56D)
Batting: RHB Lee Storment 0-0: Ball
1-0: Called Strike
1-1: Foul Ball, location: 2F
1-2: Foul Ball, location: 2F
1-2: Reached on error, E4 (Groundball, 4)
Elijah Seymour to second
Batting: RHB Carlos González 0-0: Ball
1-0: Ball
2-0: SINGLE (Groundball, 56D)
Elijah Seymour to third
Lee Storment to second
Batting: LHB Marcos Costa 0-0: Called Strike
0-1: Ball
1-1: Foul Ball, location: 2F
1-2: Ball
2-2: Ball
3-2: Grounds into double play, 1-2-3 (Groundball, 13)
Top of the 9th over - 0 runs, 2 hits, 1 error, 2 left on base; Reno 4 - Phoenix Hotspur 7
Saturday, December 22nd, 2018 - OOTP Baseball 18.8 Build 76